Construct Section Command Post
Construct Platoon Command Post
Selects Indian Artillery Battlegroup
Construct Field Infirmary
Selects Gurkha Rifles Section
6-pounder Anti-tank Gun Team
Selects Towed ML 4.2-inch Heavy Mortar
Construct Company Command Post
Selects Off-map Airburst Barrage
Unlock M3 Grant Medium Tanks
Selects BL5.5 Artillery Emplacement
Unlock Towed 17-pounder Anti-tank Guns
17-pounder Anti-tank Gun Team
Selects Volunteer Infantry